 Dungeon Crawl Stone Soup version 0.19.0-20-gbc5f0c6 (webtiles) character file.

94 RaHiT the Magician (level 4, -3/27 HPs)
             Began as an Octopode Ice Elementalist on Nov 17, 2016.
             Slain by a water moccasin (4 damage)
             ... on level 3 of the Dungeon.
             The game lasted 00:27:26 (2531 turns).

RaHiT the Magician (Octopode Ice Elementalist)      Turns: 2531, Time: 00:27:27

Health: -3/27      AC:  6    Str:  7    XL:     4   Next: 63%
Magic:  3/8        EV: 13    Int: 18    God:
Gold:   83         SH:  0    Dex: 12    Spells: 3 memorised, 3 levels left

rFire  . . .     SeeInvis .     s - +1 blowgun
rCold  . . .     Gourm    .     (no shield)
rNeg   + . .     Faith    .     (helmet restricted)
rPois  .         Spirit   .     (no amulet)
rElec  .         Reflect  .     g - ring of wizardry
rCorr  .         Harm     .     r - ring of positive energy
MR     .....                    (no ring)
Stlth  +++.......               (no ring)
                                (no ring)
                                (no ring)
                                (no ring)
                                (no ring)

@: icy armour, flying, slow
A: almost no armour, stealthy swim, amphibious, 8 rings, constrict 8, camouflage
1, gelatinous body 1
a: no special abilities


You were on level 3 of the Dungeon.
You were hungry.

You visited 1 branch of the dungeon, and saw 3 of its levels.

You collected 83 gold pieces.

Inventory:

Hand Weapons
 s - a +1 blowgun (weapon)
Missiles
 e - 14 poisoned needles (quivered)
 f - 64 arrows
Jewellery
 g - a ring of wizardry (left tentacle)
 r - a ring of positive energy (right tentacle)
Scrolls
 d - 2 scrolls of identify {unknown}
 h - a scroll of fog {unknown}
 j - a scroll of recharging
 k - a scroll of remove curse {unknown}
 l - 2 scrolls of magic mapping {unknown}
 o - a scroll of teleportation {unknown}
Books
 a - a book of Frost

   Spells                             Type                      Level
   a - Freeze                         Ice                          1
   b - Throw Frost                    Conjuration/Ice              2
   c - Ozocubu's Armour               Charms/Ice                   3
   d - Throw Icicle                   Conjuration/Ice              4
   e - Summon Ice Beast               Ice/Summoning                4
Comestibles
 b - 3 bread rations
 i - 4 fruits
 q - a meat ration
 t - 4 chunks of flesh


   Skills:
 - Level 2.0 Dodging
 - Level 3.0 Stealth
 - Level 3.1 Spellcasting
 * Level 3.1 Conjurations
 - Level 3.0 Ice Magic


You had 3 spell levels left.
You knew the following spells:

 Your Spells              Type           Power        Failure   Level  Hunger
a - Freeze                Ice            ##..         2%          1    None
b - Throw Frost           Conj/Ice       ##....       4%          2    ##.....
c - Ozocubu's Armour      Chrm/Ice       #.......     12%         3    ###....


Dungeon Overview and Level Annotations

Branches:
Dungeon (3/15)

Altars:
Ashenzari

Annotations:
D:3 Aksej's ghost, amateur DsFi


Innate Abilities, Weirdness & Mutations

You cannot wear most types of armour.
You are very stealthy in the water. (Stealth+)
You are amphibious.
You can wear up to eight rings at the same time.
You can use your tentacles to constrict eight enemies at once.
Your skin changes colour to match your surroundings (Stealth+).
Your rubbery body absorbs attacks. (AC +1, EV +1)


Message History

You are feeling hungry.
You feel very sick.
The water moccasin bites you but does no damage.
As you read the scroll labeled WAMYUGABBI, it crumbles to dust.
It is a scroll of enchant weapon.
Your +0 blowgun glows red for a moment.
You feel sick. The water moccasin barely misses you.
The water moccasin bites you!
* * * LOW HITPOINT WARNING * * *
It was a potion of curing.
You feel better. The water moccasin bites you.
* * * LOW HITPOINT WARNING * * *
The water moccasin misses you. The water moccasin bites you.
* * * LOW HITPOINT WARNING * * *
It was a potion of flight.
You feel very buoyant.
You fly up into the air.
The water moccasin bites you but does no damage.
The water moccasin misses you. The water moccasin bites you.
You die...

....#.# #...#.# ... .#
#.....# #....# ....#.#
#....# ..[.#.# #.....
......# #..#.# ....#.#
#..#.# ##.##.# ##..#.#
..)##.# #...@.#####
....#.#########S........
...##(..>.)......#######
...#############......
...........# #######
.#########.# .......#
#.# ######.# #.#
...)...# #.#


You could see a water moccasin.

Vanquished Creatures
  A worker ant (D:3)
  3 adders (D:2)
  3 worms
  A leopard gecko (D:2)
  5 orcs (D:3)
  4 bats
  A giant cockroach (D:2)
  A goblin (D:2)
  2 jackals (D:1)
  A ball python (D:1)
  4 frilled lizards
  5 kobolds
  5 rats
36 creatures vanquished.

Notes
Turn   | Place    | Note
-------+----------+-------------------------------------------
     0 | D:1      | RaHiT the Octopode Ice Elementalist began the quest for the Orb.
     0 | D:1      | Reached XP level 1. HP: 11/11 MP: 3/3
   383 | D:1      | Reached XP level 2. HP: 11/17 MP: 0/5
   391 | D:1      | Learned a level 2 spell: Throw Frost
   994 | D:2      | Reached XP level 3. HP: 7/21 MP: 0/7
  1060 | D:2      | Found a shattered altar of Ashenzari.
  1475 | D:2      | Learned a level 3 spell: Ozocubu's Armour
  1897 | D:3      | Reached XP level 4. HP: 17/27 MP: 4/8
  1906 | D:3      | Noticed Aksej's ghost (amateur DsFi)
  2514 | D:3      | Noticed a water moccasin
  2528 | D:3      | HP: 1/27 [water moccasin (5)]
  2531 | D:3      | Slain by a water moccasin

Skill      XL: |  1  2  3  4 |
---------------+-------------+-----
Stealth        | 3 |  3.0
Spellcasting   | 3 |  3.1
Conjurations   | 2 3 |  3.1
Dodging        | |  2.0
Ice Magic      | |  3.0

Action                   |  1- 3 |  4- 6 || total
-------------------------+-------+-------++-------
Melee: Unarmed           |    45 |     3 ||    48
       Constrict         |    17 |     1 ||    18
       Tentacles         |    13 |       ||    13
 Fire: Blowgun           |       |    13 ||    13
 Cast: Freeze            |    30 |     7 ||    37
       Throw Frost       |     4 |     3 ||     7
       Ozocubu's Armour  |       |     1 ||     1
  Use: Potion            |     1 |     3 ||     4
       Scroll            |       |     2 ||     2
 Stab: Sleeping          |     4 |     1 ||     5
  Eat: Chunk             |     3 |     2 ||     5
Armor: Skin              |     1 |     2 ||     3
Dodge: Dodged            |    33 |    10 ||    43
